 Dungeon Sprint DCSS version 0.30-a0-6-g7c9e10e132 (webtiles) character file.

Game seed: 8795873531276237733

21 mhtbhm the Sneak (level 2, 0/13 HPs)
             Began as a Spriggan Enchanter on Aug 22, 2022.
             Slain by a phantom (7 damage)
             ... in the Dungeon (Sprint III: "The Ten Rune Challenge").
             The game lasted 00:00:47 (316 turns).

mhtbhm the Sneak (Spriggan Enchanter)                Turns: 316, Time: 00:00:47

Health: 0/13       AC:  2    Str:  4    XL:     2   Next: 65%
Magic:  7/7        EV: 18    Int: 16    God:
Gold:   6          SH:  0    Dex: 15    Spells: 6/8 levels left

rFire   . . .      SeeInvis +    a - +1 dagger
rCold   . . .      Faith    .    (no shield)
rNeg    . . .      Spirit   .    b - +0 robe
rPois   .          Reflect  .    (helmet restricted)
rElec   .          Harm     .    (no cloak)
rCorr   .          Rampage  .    (gloves unavailable)
Will    .....      NoTele   +    (boots unavailable)
Stlth   +++.......               j - amulet of magic regeneration
HPRegen 0.04/turn                (no ring)
MPRegen 0.50/turn                (no ring)

@: invisible, very quick
A: very small, no large weapons, unfitting armour, see invisible, speed 3
a: no special abilities


You were in the Dungeon.
You visited 1 branch You collected 6 gold pieces.

Inventory:

Hand Weapons
 a - a +1 dagger (weapon)
Armour
 b - a +0 robe (worn)
Jewellery
 j - an amulet of magic regeneration (around neck)
Scrolls
 i - a scroll of blinking
Potions
 c - a potion of invisibility
 d - a potion of curing
 f - a potion of haste
 g - 2 potions of magic


   Skills:
 + Level 1.3 Short Blades
 + Level 3.4 Dodging
 + Level 6.6 Stealth
 + Level 3.5 Spellcasting
 + Level 5.5 Hexes


You had 6 spell levels left.
You knew the following spells:

 Your Spells              Type           Power      Damage    Failure   Level
a - Ensorcelled Hibernat  Hex/Ice        22%        N/A       9%          2

Your spell library contained the following spells:

 Spells                   Type           Power      Damage    Failure   Level
 Confusing Touch          Hex            20%        N/A       5%          3
 Tukima's Dance           Hex            20%        N/A       5%          3
 Dazzling Flash           Conj/Hex       22%        N/A       17%         3


Dungeon Overview and Level Annotations

Branches:
Dungeon (1/1)

Altars:


Innate Abilities, Weirdness & Mutations

You are very small and have problems with some larger weapons.
You are too small for most types of armour.
You have supernaturally acute eyesight. (SInv)
You cover ground extremely quickly. (Speed+++)


Message History

Your Stealth skill increases to level 6!
Your Spellcasting skill increases to level 3!
Your Hexes skill increases to level 5!
You have reached level 2!
Unknown command.
You are no longer berserk.
You are exhausted.
You feel yourself slow down.
You start resting.
Magic restored.
You start resting.
You feel yourself speed up.
You start resting.
You recover from your berserk rage.
You start resting.
You start resting.
HP restored.
You start waiting.
Done waiting.
You're too inexperienced to learn that spell!
Unknown command.
Memorise Ensorcelled Hibernation, consuming 2 spell levels and leaving 6?
You start memorising the spell.
You continue memorising. x2
You finish memorising.
Spell assigned to 'a'.
You see here a rat skeleton.
A phantom comes into view.
You hit the phantom.
The phantom is moderately damaged.
The phantom hits you.
Casting: Ensorcelled Hibernation (safe; 9% risk of failure)
Confirm with . or Enter, or press ? or * to list all spells.
You don't know that spell.
Casting: Ensorcelled Hibernation (safe; 9% risk of failure)
Confirm with . or Enter, or press ? or * to list all spells.
You can't see any susceptible monsters within range! (Use Z to cast anyway.) Unknown command.
You fade into invisibility!
The phantom hits you!
Ouch! That really hurt!
You die...

▓...#......##
▓..##.......# ..#
▓##.##.##...# ..#
##.##.###..# #..#
▓#.####.##..# ...+
▓.###..##..####...#
▓#.....##÷.###....#
###..##...##.....#
##..##....#..@...#
#..###..##.#..W..#
#..# #.. ####....#
▓▓▓▓ ▓▓▓ ▓▓▓▓▓▓


You could see a phantom (unable to see you).

Vanquished Creatures
  A human (D)
  An endoplasm (D)
  3 rats (D)
5 creatures vanquished.

Notes
Turn   | Place    | Note
-------+----------+-------------------------------------------
     0 | D        | mhtbhm the Spriggan Enchanter began the quest for the Orb.
     0 | D        | Reached XP level 1. HP: 9/9 MP: 5/5
    49 | D        | Reached skill level 5 in Stealth
    85 | D        | Reached skill level 6 in Stealth
    85 | D        | Reached skill level 5 in Hexes
    85 | D        | Reached XP level 2. HP: 11/13 MP: 5/7
   306 | D        | Learned a level 2 spell: Ensorcelled Hibernation
   316 | D        | Slain by a phantom

Illustrated notes

Levels and vault maps discovered:
D:        dungeon_sprint_mu [sprint_mu_entry_cave, sprint_mu_temple_rooms,
          sprint_mu_d1_spiders, sprint_mu_d2_genie, sprint_mu_d3_branching,
          sprint_mu_orc_legion, sprint_mu_elf_gauntlet, sprint_mu_hive_nellie,
          sprint_mu_lair_fedhas, sprint_mu_vaults_butterflies,
          sprint_mu_slime_circle, sprint_mu_swamp_cave, sprint_mu_shoals_kraken,
          sprint_mu_blade_basic, sprint_mu_crypt_fortress,
          sprint_mu_tomb_spiral, sprint_mu_vestibule_basic,
          sprint_mu_gehenna_hellfire, sprint_mu_dis_giant,
          sprint_mu_tartarus_statrot, sprint_mu_cocytus_islands, sprint_mu_zot1]

Skill      XL: |  1 |
---------------+----+-----
Hexes          | 5 |  5.5
Stealth        | 6 |  6.6
Dodging        | 3 |  3.4
Spellcasting   | 3 |  3.5
Short Blades   | |  1.3

Action                   || total
-------------------------++-------
Melee: Dagger            ||    22
  Use: Potion            ||     3
 Stab: Sleeping          ||     2
Armor: Robe              ||     3
Dodge: Dodged            ||     6

Table legend: (Time is in decaauts)
 A = Elapsed time spent in this place.
 B = Non-inter-level travel time spent in this place.
 C = Inter-level travel time spent in this place.
 D = Time resting spent in this place.
 E = Time spent auto-exploring this place.
 F = Levels seen in this place.
 G = Mean time per level.
                   A        B        C        D        E       F      G
               +--------+--------+--------+--------+--------+-----+--------+
         Total |    293 |    293 |      0 |    227 |     15 |   1 |  293.0 |
       Dungeon |    293 |    293 |      0 |    227 |     15 |   1 |  293.0 |
               +--------+--------+--------+--------+--------+-----+--------+

Top non-repeatable levels by time:
       D: 293 daAuts
